 Dungeon Crawl Stone Soup version 0.17.0-24-gcfadda4 (webtiles) character file.

6930 TruthSerum the Grappler (level 10, -2/106 HPs)
             Began as a Troll Monk on Nov 15, 2015.
             Was an Elder of Okawaru.
             Hit by a tomahawk thrown by an orc warrior (14 damage)
             ... on level 2 of the Orcish Mines.
             The game lasted 00:36:22 (7676 turns).

TruthSerum the Grappler (Troll Monk)                Turns: 7676, Time: 00:36:22

Health: -2/106     AC:  8    Str: 21    XL:     10   Next: 80%
Magic:  11/11      EV: 12    Int:  8    God:    Okawaru [****..]
Gold:   833        SH:  8    Dex: 15    Spells: 0 memorised, 9 levels left

rFire  + + .     SeeInvis .       - Unarmed
rCold  . . .     Clarity  .     n - +2 robe {rF+}
rNeg   . . .     SustAt   .     A - +0 shield
rPois  .         Gourm    +     (helmet restricted)
rElec  .         Spirit   .     d - +0 cloak
rCorr  .         Warding  .     (gloves unavailable)
rMut   .         Stasis   .     (boots unavailable)
MR     .....                    (no amulet)
Stlth  ++........               (no ring)
                                y - ring of protection from fire

@: not resistant to hostile enchantments, unstealthy
A: unfitting armour, claws 3, clever 1, fast metabolism 3, gourmand,
regeneration 2, shaggy fur 1, tough skin 2
a: Heroism, Renounce Religion


You were on level 2 of the Orcish Mines.
You worshipped Okawaru.
Okawaru was greatly pleased with you.
You were completely stuffed.

You visited 2 branches of the dungeon, and saw 11 of its levels.

You collected 833 gold pieces.

Inventory:

Hand Weapons
 a - a +0 giant spiked club
Missiles
 o - 4 large rocks (quivered)
Armour
 d - a +0 cloak (worn)
 n - a +2 robe of fire resistance (worn)
 w - a troll hide
 A - a +0 shield (worn)
Jewellery
 e - an uncursed ring of fire
 y - a ring of protection from fire (left claw)
Wands
 p - a wand of enslavement (11)
 q - a wand of cold (10)
Scrolls
 g - 6 scrolls of remove curse
 j - a scroll of magic mapping
 m - 2 scrolls of teleportation
 r - 3 scrolls of identify
Potions
 f - a potion of berserk rage
 h - 2 potions of flight
 i - 4 potions of brilliance
 l - 2 potions of might
 s - 2 potions of heal wounds
 u - a potion of agility
 v - a potion of curing
Books
 x - a book of Spatial Translocations

   Spells                             Type                      Level
   a - Apportation                    Translocation                1
   b - Blink                          Translocation                2
   c - Shroud of Golubria             Charms/Translocation         2
   d - Portal Projectile              Translocation                3
   e - Teleport Other                 Translocation                3
   f - Passage of Golubria            Translocation                4
Comestibles
 b - 8 bread rations
 c - 4 beef jerkies
 k - 4 fruits
 t - 7 slices of pizza
 z - 4 chunks of flesh


   Skills:
 + Level 8.6 Fighting
 - Level 3.0 Maces & Flails
 + Level 8.4 Dodging
 - Level 1.1 Stealth
 + Level 1.4 Shields
 + Level 10.5 Unarmed Combat
 + Level 3.8 Invocations


You had 9 spell levels left.
You didn't know any spells.

Dungeon Overview and Level Annotations

Branches:
Dungeon (9/15)                Orc (2/4) D:9
 Temple: D:4-7         Lair: D:8-11

Altars:
Ashenzari
Cheibriados
Dithmenos
Elyvilon
Gozag
Kikubaaqudgha
Okawaru
Vehumet
Xom
Zin
The Shining One
Beogh


Innate Abilities, Weirdness & Mutations

You are too large for most types of armour.
You have claws for hands.
Your metabolism is lightning-fast.
You like to eat raw meat.
You heal very quickly.
You are covered in fur (AC +1).
You have very tough skin (AC +2).
Your mind is acute. (Int +2)


Message History

The orc priest mumbles some strange prayers to Beogh against you.
Something smites you!
You closely miss the orc priest.
The orc priest is heavily wounded.
The orc priest mumbles some strange prayers to Beogh against you.
Something smites you!
You barely miss the orc priest.
The orc priest is heavily wounded.
The orc priest miscasts a cantrip.
You mangle the orc priest!!
You kill the orc priest!
Okawaru accepts your kill.
The orc priest calls down the wrath of Beogh upon you.
Something smites you!
* * * LOW HITPOINT WARNING * * *
The orc priest mumbles some strange prayers to Beogh against you.
Something smites you!
* * * LOW HITPOINT WARNING * * *
The orc warrior throws a tomahawk.
The tomahawk hits you!
You die... ### ## . ##.##.##.$.. #..@<...# ##(##....... #o# ....... oo.

.......
.#.o........
..#..........
..
...........
..#
....#...##.
..# ........


You could see an orc warrior and 2 orcs.

Vanquished Creatures
  A hill giant (D:9)
  Joseph (D:8)
  The ghost of TruthSerum the Ruffian, an amateur TrMo (D:4)
  A troll (D:8)
  A wyvern (D:8)
  A hog (D:7)
  A human (D:7)
  A deep elf mage (D:9)
  A hungry ghost (D:9)
  2 wargs (Orc:1)
  Duvessa (D:4)
  An orc warrior (D:7)
  2 sky beasts
  5 ogres
  3 phantoms
  4 centaurs
  A gnoll sergeant (D:9)
  2 giant frogs
  2 big kobolds (D:9)
  Dowan (D:4)
  A water moccasin skeleton (D:5)
  6 killer bees
  3 scorpions
  8 wights (D:9)
  6 orc priests
  2 crimson imps
  A giant frog zombie (D:9)
  A giant frog skeleton (D:5)
  A hound (D:7)
  3 jellies
  A quasit (D:8)
  7 worker ants
  6 orc wizards
  2 iguanas
  A killer bee zombie (D:5)
  3 sheep (D:7)
  6 gnolls (D:9)
  8 adders
  A shadow imp (D:6)
  An ooze (D:6)
  An adder skeleton (D:5)
  An adder zombie (D:6)
  A worm (D:2)
  6 giant geckos
  39 orcs
  3 bats
  A giant cockroach (D:3)
  6 goblins
  3 hobgoblins
  6 jackals
  5 quokkas
  4 ball pythons
  A giant gecko skeleton (D:5)
  8 giant newts
  12 kobolds
  8 rats
206 creatures vanquished.

Vanquished Creatures (others)
  A worm (D:2)
1 creature vanquished.

Grand Total: 207 creatures vanquished

Notes
Turn   | Place    | Note
--------------------------------------------------------------
     0 | D:1      | TruthSerum the Troll Monk began the quest for the Orb.
     0 | D:1      | Reached XP level 1. HP: 22/22 MP: 0/0
   109 | D:1      | Reached XP level 2. HP: 29/29 MP: 1/1
   533 | D:2      | Found an ancient bone altar of Kikubaaqudgha.
   548 | D:2      | Reached XP level 3. HP: 36/36 MP: 2/2
   673 | D:2      | Found a radiant altar of Vehumet.
  1329 | D:3      | Reached XP level 4. HP: 42/45 MP: 3/3
  1369 | D:3      | Found a shattered altar of Ashenzari.
  1408 | D:3      | Found a snail-covered altar of Cheibriados.
  1638 | D:3      | Found a faded altar to an unknown god.
  2061 | D:4      | Gained mutation: Your mind is acute. (Int +2) [potion of beneficial mutation]
  2083 | D:4      | Noticed an ogre
  2091 | D:4      | Killed an ogre
  2091 | D:4      | Reached skill level 5 in Unarmed Combat
  2091 | D:4      | Reached XP level 5. HP: 42/53 MP: 4/4
  2134 | D:4      | Noticed TruthSerum's ghost (amateur TrMo)
  2147 | D:4      | Killed TruthSerum's ghost
  2147 | D:4      | Reached skill level 1 in Maces & Flails
  2147 | D:4      | Reached XP level 6. HP: 6/62 MP: 5/5
  2262 | D:4      | Found a white marble altar of Elyvilon.
  2633 | D:4      | Noticed a phantom
  2660 | D:4      | Killed a phantom
  2660 | D:4      | Reached XP level 7. HP: 56/70 MP: 6/6
  2700 | D:4      | Noticed Dowan
  2702 | D:4      | Noticed Duvessa
  2710 | D:4      | Killed Duvessa
  2727 | D:4      | Killed Dowan
  2727 | D:4      | Reached skill level 6 in Unarmed Combat
  2850 | D:5      | Entered Level 5 of the Dungeon
  3183 | D:5      | Reached skill level 7 in Fighting
  3183 | D:5      | Reached skill level 9 in Unarmed Combat
  3183 | D:5      | Reached XP level 8. HP: 79/87 MP: 7/7
  3260 | D:5      | Reached XP level 9. HP: 89/93 MP: 8/8
  3505 | D:6      | Found a glowing silver altar of Zin.
  3913 | D:6      | Found an opulent altar of Gozag.
  3922 | D:6      | Found an iron altar of Okawaru.
  3922 | D:6      | Found a shadowy altar of Dithmenos.
  4028 | D:6      | Became a worshipper of Warmaster Okawaru
  4028 | D:6      | Reached * piety under Okawaru
  4028 | D:6      | Reached ** piety under Okawaru
  4185 | D:7      | Found a white marble altar of Elyvilon.
  4361 | D:7      | Found a shimmering altar of Xom.
  4452 | D:7      | Reached skill level 1 in Invocations
  4861 | D:8      | Noticed Joseph
  4900 | D:8      | Killed Joseph
  4900 | D:8      | Reached skill level 10 in Unarmed Combat
  5098 | D:8      | Reached *** piety under Okawaru
  5195 | D:8      | Reached XP level 10. HP: 43/104 MP: 10/10
  5508 | D:8      | Found a glowing golden altar of the Shining One.
  6241 | D:9      | Noticed a hill giant
  6259 | D:9      | Killed a hill giant
  6259 | D:9      | Reached **** piety under Okawaru
  6424 | D:9      | Found a shadowy altar of Dithmenos.
  6657 | D:9      | Reached skill level 1 in Shields
  6719 | D:9      | Found a staircase to the Orcish Mines.
  7005 | Orc:1    | Entered Level 1 of the Orcish Mines
  7497 | Orc:1    | Found a roughly hewn altar of Beogh.
  7676 | Orc:2    | Hit by a tomahawk thrown by an orc warrior

Action                   |  1- 3 |  4- 6 |  7- 9 | 10-12 || total
-------------------------+-------+-------+-------+-------++-------
Melee: Unarmed           |    97 |    73 |   220 |   258 ||   648
Invok: Heroism           |       |       |     1 |     3 ||     4
  Use: Scroll            |     1 |     5 |    11 |     1 ||    18
       Potion            |       |     1 |     1 |       ||     2
 Stab: Sleeping          |     3 |     2 |     2 |     1 ||     8
  Eat: Chunk             |    18 |     7 |    28 |    27 ||    80
       Fruit             |       |       |       |     2 ||     2
